 Dungeon Crawl Stone Soup version 0.28-a0-384-g9e0c098162 (webtiles) character file.

Game seed: 15929822266523820061

38893 huihihh the Protected (level 13, -9/116 HPs)
             Began as a Minotaur Fighter on Sept 2, 2021.
             Was a High Priest of Trog.
             Mangled by an orc knight (18 damage)
             ... on level 2 of the Orcish Mines.
             The game lasted 01:08:30 (27888 turns).

huihihh the Protected (Minotaur Fighter)           Turns: 27888, Time: 01:08:34

Health: -9/116     AC: 27    Str: 31    XL:     13   Next: 66%
Magic:  12/12      EV: 17    Int:  5    God:    Trog [*****.]
Gold:   724        SH:  0    Dex: 18    Spells: 12/12 levels left

rFire   x . .      SeeInvis .   H - +4 falchion (spect)
rCold   + + .      Faith    +   h - +0 kite shield
rNeg    . . .      Spirit   .   m - +7 ice dragon scales of a volcano {Harm rF- rC++}
rPois   .          Reflect  .   (helmet restricted)
rElec   .          Harm     +   F - +0 cloak
rCorr   .          Rampage  .   D - +1 pair of gloves
Will    .....                   M - +0 pair of boots
Stlth   ..........              b - amulet "Enugreh" {Faith *Slow Str+7}
HPRegen 0.29/turn               g - +6 ring of dexterity
MPRegen 0.13/turn               w - +4 ring of evasion

@: confused, ambrosia-drunk, on berserk cooldown
A: horns 2, retaliatory headbutt, talons 1, sense surroundings 1
a: Renounce Religion, Berserk, Trog's Hand, Brothers in Arms


You were on level 2 of the Orcish Mines.
You worshipped Trog.
Trog was extremely pleased with you.
You visited 6 branches of the dungeon, and saw 21 of its levels.
You also visited: Sewer and Ice Cave.

You collected 2609 gold pieces.
You spent 1885 gold pieces at shops.

Inventory:

Hand Weapons
 H - a +4 spectral falchion (weapon)
 K - the +5 spear of Ointment {drain, rElec}
   (You found it on level 2 of the Lair of Beasts)

   A truly terrible weapon, it drains the life of any living foe it strikes.
   rElec:     It insulates you from electricity.
Missiles
 o - 14 boomerangs (quivered)
Armour
 h - a +0 kite shield (worn)
 m - the +7 ice dragon scales of a volcano (worn) {Harm rF- rC++}
   (You bought it in a shop on level 7 of the Dungeon)

   rF:        It makes you vulnerable to fire.
   rC:        It greatly protects you from cold.
   Harm:      It increases damage dealt and taken.
 D - a +1 pair of gloves (worn)
 F - a +0 cloak (worn)
 M - a +0 pair of boots (worn)
Jewellery
 b - the amulet "Enugreh" (around neck) {Faith *Slow Str+7}
   (You found it in an ice cave)

   [amulet of faith]

   It allows you to gain divine favour quickly.
   Str:       It affects your strength (+7).
   *Slow:     It may slow you when you take damage.
 g - a +6 ring of dexterity (left hand)
 w - a +4 ring of evasion (right hand)
 x - a ring of ice
 y - a ring of poison resistance
 I - a ring of resist corrosion
 S - a ring of protection from cold
 U - a +4 ring of evasion
 V - a ring of ice
 X - a +6 ring of strength
 Z - a ring of ice
Wands
 a - a wand of iceblast (2)
 c - a wand of polymorph (14)
 B - a wand of acid (5)
 C - a wand of digging (2)
 E - a wand of mindburst (14)
Scrolls
 i - 3 scrolls of magic mapping
 j - 4 scrolls of enchant weapon
 p - 2 scrolls of vulnerability
 r - 3 scrolls of immolation
 s - a scroll of torment
 G - a scroll of brand weapon
 L - a scroll of noise
 Q - a scroll of holy word {unknown}
 W - 3 scrolls of identify
Potions
 d - 2 potions of might
 k - 3 potions of flight
 t - 5 potions of haste
 u - 2 potions of magic
 N - 4 potions of ambrosia
Miscellaneous
 J - a phantom mirror
 R - a lightning rod (4/4)
 Y - a tin of tremorstones (2/2)


   Skills:
 + Level 11.6 Fighting
 + Level 11.7 Long Blades
 + Level 12.8 Axes
 + Level 13.2 Armour
 + Level 6.9 Dodging
 + Level 5.0 Stealth
 + Level 11.2 Shields
 + Level 0.8 Unarmed Combat
 + Level 0.8 Evocations


You had 12 spell levels left.
You didn't know any spells.
Your spell library contained the following spells:

 Spells                   Type           Power      Damage    Failure   Level
 Summon Small Mammal      Summ           0%         N/A       86%         1
 Call Canine Familiar     Summ           0%         N/A       99%         3
 Summon Guardian Golem    Hex/Summ       0%         N/A       99%         3


Dungeon Overview and Level Annotations

Branches:
Dungeon (11/15)            Temple (1/1) D:7            Lair (5/6) D:10
 Shoals (1/4) Lair:4        Snake (1/4) Lair:2          Orc (2/2) D:11
  Sewer (visited)           IceCv (visited)
  Slime: Lair:5-6       Elf: Orc:2

Altars:
Ashenzari
Cheibriados
Dithmenos
Elyvilon
Fedhas
Gozag
Hepliaklqana
Nemelex Xobeh
Okawaru
Qazlal
Sif Muna
Trog
Uskayaw
Wu Jian
Xom
Yredelemnul
Beogh

Shops:
D:7 [[

Annotations:
D:9 3 runed translucent doors, exclusion: obsidian statue, Dittersdorf's ghost, novice GrFi
D:11 1 runed translucent door


Innate Abilities, Weirdness & Mutations

You have a pair of horns on your head.
You reflexively headbutt those who attack you in melee.
You have sharp toenails.
You passively map a small area around you.


Message History

The orc hits you but does no damage.
The orc knight roars a battlecry!
The orcs go into a battle-frenzy!
You hear a shout!
You hear a howl!
You barely miss the orc. You headbutt the orc!
You kill the orc!
Trog accepts your kill. You block the orc priest's attack. The orc misses you.
You slash the orc!
You kill the orc!
Trog accepts your kill. You block the orc priest's attack.
A troll comes into view.
The orc priest invokes the aid of Beogh against you.
Beogh smites you!
* * * LOW HITPOINT WARNING * * *
Things that are here:
a +0 giant club; an ogre corpse You slash the orc priest!
You kill the orc priest!
Trog accepts your kill.
You see here a +0 trident.
You are confused.
You feel invigorated. The orc priest closely misses you.
An orc sorcerer comes into view.
It is wielding a +0 dagger and wearing a +0 robe of fire resistance.
The orc sorcerer shouts!
You slash the orc warrior! Your headbutt misses the orc warrior.
The orc warrior is moderately wounded.
Your +4 spectral falchion hits the orc warrior.
You hear a shout!
The orc sorcerer gestures wildly while chanting.
The orc priest barely misses you. The orc warrior barely misses you.
The orc knight closely misses you.
You're too confused to move!
The warg bites you!
* * * LOW HITPOINT WARNING * * *
The orc priest closely misses you.
The orc warrior hits you but does no damage.
An orc warrior comes into view. It is wielding a +0 glaive.
The orc knight hits you with a +0 broad axe!
You die...

* ## #####
*###.######...##
#.....#.......##* *
, ......§§§......# *
......§§§§)...##.#.,
.....§§§@o)........,
*
,......§hoo))..#....
*
.........T.........
* ,
...................
, ,
.................#.*
...................
.#...........o.....
,
,..........o....#..
, , , , , *


You could see an orc knight, a troll, a warg, an orc sorcerer (strong), 2 orc
warriors and an orc priest (strong).

Vanquished Creatures
  Snorg (Lair:3)
  2 boulder beetles
  An ogre mage (D:11)
  Erolcha (D:9)
  2 centaur warriors (D:11)
  A catoblepas (Lair:2)
  4 two-headed ogres
  2 death yaks (Lair:4)
  Urug (Lair:1)
  Nergalle (D:11)
  A shadow wraith (D:11)
  3 orc knights
  3 ugly things
  An orc sorcerer (Orc:2)
  2 cyclopes (D:11)
  5 black mambas
  3 ice statues (IceCv)
  6 cane toads
  A torpor snail (Lair:4)
  An unseen horror (D:11)
  Maggie (D:8)
  A komodo dragon (Lair:3)
  A kobold demonologist (D:11)
  4 rime drakes
  A queen bee (Lair:3)
  A wind drake (Shoals:1)
  A troll (D:11)
  A slime creature (D:11)
  A wind drake (shapeshifter) (D:11)
  A polar bear (Lair:1)
  7 blink frogs
  A snapping turtle (Lair:4)
  18 yaks
  Sigmund (D:5)
  A wyvern (D:7)
  2 dire elephant simulacra (IceCv)
  6 basilisks
  2 steam dragons (D:8)
  4 vampire mosquitoes (D:11)
  A harpy simulacrum (IceCv)
  3 death yak simulacra (IceCv)
  An acid dragon (D:10)
  A warg (Orc:1)
  10 water moccasins
  An ice beast (D:6)
  17 orc warriors
  A black bear (D:7)
  2 sky beasts
  2 necrophages
  5 ogres
  4 centaurs
  3 wolves (Lair:3)
  4 kobold brigands
  2 phantoms
  10 bullfrogs
  A gnoll sergeant (D:10)
  2 wyvern zombies
  4 scorpions
  A cane toad simulacrum (IceCv)
  11 wights
  36 killer bees
  2 electric eels (Lair:4)
  6 howler monkeys
  A bullfrog zombie (D:5)
  2 jellies
  2 centaur zombies
  2 hounds (D:5)
  A centaur skeleton (D:6)
  10 orc priests
  A bullfrog skeleton (D:5)
  An iguana (D:4)
  Natasha (thrice) (D:3)
  10 orc wizards
  7 hell rats (Lair:3)
  A polar bear simulacrum (IceCv)
  A wolf simulacrum (IceCv)
  A hound skeleton (D:4)
  3 howler monkey zombies
  5 gnolls (D:10)
  4 adders
  2 river rats (D:4)
  2 white imps (D:5)
  An adder skeleton (D:4)
  A worm (D:2)
  3 dart slugs
  43 orcs
  9 endoplasms
  5 giant cockroaches
  7 hobgoblins
  4 jackals (D:4)
  3 quokkas
  9 ball pythons
  6 bats
  4 frilled lizards (D:1)
  6 goblins
  21 kobolds
  7 rats
415 creatures vanquished.

Vanquished Creatures (others)
  An orc (D:8)
  12 fungi
  29 plants
42 creatures vanquished.

Grand Total: 457 creatures vanquished

Notes
Turn   | Place    | Note
-------+----------+-------------------------------------------
     0 | D:1      | huihihh the Minotaur Fighter began the quest for the Orb.
     0 | D:1      | Reached XP level 1. HP: 19/19 MP: 0/0
   223 | D:1      | Reached XP level 2. HP: 27/27 MP: 1/1
   344 | D:1      | Found a faded altar of an unknown god.
   383 | D:1      | Reached skill level 4 in Armour
   629 | D:1      | Reached XP level 3. HP: 33/33 MP: 2/2
  1574 | D:3      | Noticed Natasha
  1581 | D:3      | Killed Natasha
  1582 | D:3      | Reached XP level 4. HP: 40/40 MP: 3/3
  1599 | D:3      | Noticed Natasha
  1623 | D:3      | Killed Natasha
  1624 | D:3      | Reached skill level 1 in Dodging
  1698 | D:3      | Noticed Natasha
  1705 | D:3      | Killed Natasha
  1906 | D:3      | Reached XP level 5. HP: 47/47 MP: 4/4
  2204 | D:4      | Noticed a phantom
  2212 | D:4      | Killed a phantom
  2213 | D:4      | Reached skill level 5 in Axes
  2223 | D:4      | Reached XP level 6. HP: 10/53 MP: 5/5
  2572 | D:4      | Reached skill level 5 in Fighting
  2572 | D:4      | Reached skill level 5 in Armour
  2605 | D:4      | Found a glowing drain.
  2620 | Sewer    | Entered a sewer
  3113 | Sewer    | Reached XP level 7. HP: 41/61 MP: 6/6
  3927 | D:4      | Found a hazy altar of Hepliaklqana.
  4274 | D:5      | Entered Level 5 of the Dungeon
  4440 | D:5      | Reached skill level 1 in Stealth
  4554 | D:5      | Noticed Sigmund
  4560 | D:5      | Reached skill level 6 in Armour
  4563 | D:5      | Killed Sigmund
  4564 | D:5      | Reached XP level 8. HP: 62/70 MP: 7/7
  4649 | D:5      | Gained mutation: You passively map a small area around you.
                  | [potion of mutation]
  4649 | D:5      | Gained mutation: You have sharp toenails. [potion of
                  | mutation]
  4659 | D:5      | HP: 1/105 [orc (7)]
  5626 | D:5      | Reached skill level 7 in Armour
  6196 | D:7      | Found Foeho's Armour Shop.
  6314 | D:7      | Reached XP level 9. HP: 62/78 MP: 8/8
  6690 | D:7      | Found Cerumog's Antique Armour Boutique.
  6905 | D:7      | Reached skill level 5 in Shields
  6922 | D:7      | Reached skill level 10 in Axes
  6922 | D:7      | Reached skill level 8 in Armour
  7291 | D:8      | Noticed a two-headed ogre
  7303 | D:8      | Killed a two-headed ogre
  7993 | D:8      | Reached XP level 10. HP: 47/86 MP: 9/9
  7996 | D:8      | Reached skill level 9 in Armour
  8402 | D:8      | Noticed Maggie
  8409 | D:8      | Killed Maggie
  9467 | D:9      | Noticed an obsidian statue
  9483 | D:9      | Noticed a sixfirhy
  9488 | D:9      | Noticed a rust devil
  9494 | D:9      | Noticed Erolcha
  9862 | D:9      | Killed Erolcha
 10989 | D:9      | Noticed a sun demon
 11232 | D:9      | Noticed a two-headed ogre
 11254 | D:9      | Killed a two-headed ogre
 11255 | D:9      | Reached skill level 10 in Armour
 12012 | D:9      | Reached XP level 11. HP: 35/97 MP: 10/10
 12324 | D:9      | Found a runed translucent gate.
 12324 | D:9      | Found a runed translucent gate.
 12324 | D:9      | Found a runed translucent gate.
 12581 | D:9      | Noticed Dittersdorf's ghost (novice GrFi)
 12653 | D:9      | Noticed a sixfirhy
 13251 | D:10     | Entered Level 10 of the Dungeon
 13333 | D:7      | Noticed a two-headed ogre
 13333 | D:7      | Found a staircase to the Ecumenical Temple.
 13339 | D:7      | Killed a two-headed ogre
 13340 | D:7      | Reached skill level 1 in Long Blades
 13345 | Temple   | Entered the Ecumenical Temple
 13540 | Temple   | Became a worshipper of Trog the Wrathful
 14301 | D:10     | Reached skill level 5 in Dodging
 14521 | D:10     | Found a staircase to the Lair.
 14650 | D:10     | Noticed a two-headed ogre
 14656 | D:10     | Killed a two-headed ogre
 15110 | D:11     | Noticed a boulder beetle
 15272 | Lair:1   | Entered Level 1 of the Lair of Beasts
 15522 | Lair:1   | Reached skill level 5 in Long Blades
 15592 | Lair:1   | Reached skill level 11 in Armour
 15701 | Lair:1   | Noticed Urug
 15710 | Lair:1   | Killed Urug
 15716 | Lair:1   | Reached skill level 10 in Fighting
 15749 | Lair:1   | Reached * piety under Trog
 16919 | Lair:2   | Identified the +5 spear of Ointment {drain, rElec}
 17090 | Lair:2   | Noticed a catoblepas
 17306 | Lair:2   | Found a frozen archway.
 17314 | Lair:2   | Reached XP level 12. HP: 76/106 MP: 11/11
 17324 | IceCv    | Entered an ice cave
 19746 | IceCv    | Identified the +1 robe of Vanity {rPois rF- SInv}
 19749 | IceCv    | Identified the amulet "Enugreh" {Faith *Slow Str+7}
 19815 | IceCv    | Identified a scroll of acquirement
 19816 | IceCv    | Acquired 1182 gold pieces
 20594 | D:7      | Bought faintly humming ice dragon scales for 1885 gold
                  | pieces
 20594 | D:7      | Identified the +7 ice dragon scales of a volcano {Harm rF-
                  | rC++} (You bought it in a shop on level 7 of the Dungeon)
 21070 | Lair:2   | Found a staircase to the Snake Pit.
 21457 | Snake:1  | Entered Level 1 of the Snake Pit
 21457 | Snake:1  | Noticed a naga warrior
 21458 | Snake:1  | Noticed a naga warrior
 21561 | Lair:2   | Killed a catoblepas
 21562 | Lair:2   | Reached skill level 12 in Armour
 22056 | Lair:3   | Reached ** piety under Trog
 22783 | Lair:3   | Noticed Snorg
 22791 | Lair:3   | Killed Snorg
 23164 | Lair:3   | Reached skill level 10 in Shields
 23707 | Lair:4   | Noticed a boulder beetle
 23737 | Lair:4   | Killed a boulder beetle
 23883 | Lair:4   | Found a staircase to the Shoals.
 23895 | Lair:4   | Reached skill level 10 in Long Blades
 23902 | Shoals:1 | Entered Level 1 of the Shoals
 23919 | Shoals:1 | Noticed a merfolk impaler
 24095 | Lair:4   | Identified the +2 helmet of Insurance {rF+ Will+ Int+2}
 24126 | Lair:4   | Noticed a death yak
 24126 | Lair:4   | Noticed a death yak
 24134 | Lair:4   | Killed a death yak
 24135 | Lair:4   | Reached XP level 13. HP: 48/116 MP: 12/12
 25581 | D:11     | Found a runed translucent door.
 25601 | D:11     | Paralysed by something for 2 turns
 25953 | D:11     | Identified the +5 hand axe of Understanding {pain, rC+ rN+}
 26177 | D:11     | Reached *** piety under Trog
 26183 | D:11     | Reached skill level 13 in Armour
 26406 | D:11     | Reached **** piety under Trog
 26758 | D:11     | Noticed Nergalle
 26772 | D:11     | Killed Nergalle
 26773 | D:11     | Reached skill level 5 in Stealth
 27035 | D:11     | Found a staircase to the Orcish Mines.
 27041 | Orc:1    | Entered Level 1 of the Orcish Mines
 27428 | Orc:2    | Entered Level 2 of the Orcish Mines
 27872 | Orc:2    | Reached ***** piety under Trog
 27882 | Orc:2    | HP: 4/116 [orc priest/divine providence (12)]
 27888 | Orc:2    | Mangled by an orc knight

Illustrated notes

Levels and vault maps discovered:
D:1:      dpeg_arrival_fog, layout_loops_cross,
          shapermc_ecumenical_altar_mp_highgroup, serial_bayou_pond_e
D:2:      layout_loops_ring, minmay_liquid_box, minmay_misc_feat_pillars,
          serial_bayou_lagoon_b
D:3:      layout_rooms, uniq_natasha
D:4:      layout_loops_ring, mainiacjoe_overflow_alcove_4, portal_sewer_entry_a
D:5:      layout_cave_pools, uniq_sigmund
D:6:      layout_basic
D:7:      layout_gridville, minmay_temple_entry_from_below_b, serial_shops,
          shop, nicolae_shop_overgrown_old_shop, kennysheep_potato
D:8:      layout_cave_pools, kennysheep_donut, dk_noncrumbling_3, uniq_maggie
D:9:      layout_long_grid, gammafunk_ghost_icy, minmay_protected_statue,
          uniq_erolcha
D:10:     layout_cave_pools, erik_lair_dragon
D:11:     minmay_the_grid_triangle_9x9_rhombus_thin
          [minmay_the_grid_triangle_9x9_zippers_horizontal,
          minmay_the_grid_triangle_9x9_prize_schism,
          minmay_the_grid_triangle_9x9_warning,
          minmay_the_grid_triangle_9x9_subtriangle], layout_loops_cross,
          special_room [special_room_orc], serial_bayou_crossing, uniq_nergalle
Temple:   minmay_crystal_snake_temple
Lair:1:   layout_loops_ring, infiniplex_staircase_pool, serial_bayou_shore_b,
          grunt_megastairs_2, uniq_urug
Lair:2:   layout_cave_pods, minmay_snake_entry_six_corridors,
          portal_ice_cave_rime
Lair:3:   layout_layer_cave, special_room [special_room_bee], uniq_snorg
Lair:4:   layout_cave_pods, minmay_shoals_entry_hut, fungi_pond_lemuel,
          minivault_26
Lair:5:   layout_small_grid
Shoals:1: layout_shoals, uniq_kirke
Snake:1:  layout_misc_corridors, serial_bayou_ford_a, evilmike_ambush
          [evilmike_ambush_outer_pillars, evilmike_ambush_inner_basic]
Orc:1:    layout_caves, basic_altar
Orc:2:    st_orc_mages, layout_caves, uniq_jorgrun

Skill      XL: |  1  2  3  4  5  6  7  8  9 10 11 12 13 |
---------------+----------------------------------------+-----
Fighting       | 4 5 6 7 9 10 11 | 11.6
Armour         | 4 5 6 7 8 10 11 12 13 | 13.2
Axes           | 3 4 5 6 8 9 11 12 | 12.8
Dodging        | 1 2 3 4 5 6 |  6.9
Shields        | 4 5 6 8 10 11 | 11.2
Stealth        | 1 2 3 4 5 |  5.0
Long Blades    | 7 10 11 | 11.7
Unarmed Combat | |  0.8
Evocations     | |  0.8

Action                   |  1- 3 |  4- 6 |  7- 9 | 10-12 | 13-15 || total
-------------------------+-------+-------+-------+-------+-------++-------
Melee: War axe           |    82 |    99 |   202 |    66 |       ||   449
       Headbutt          |    12 |    14 |    50 |   172 |    95 ||   343
       Unarmed           |       |     7 |       |       |       ||     7
       Kick              |       |       |    40 |   198 |       ||   238
       Falchion          |       |       |       |   467 |   280 ||   747
Invok: Berserk           |       |       |       |       |     1 ||     1
       Trog's Hand       |       |       |       |       |     1 ||     1
Evoke: Wand              |       |       |       |    11 |       ||    11
       Phantom mirror    |       |       |       |     1 |       ||     1
  Use: Potion            |       |     1 |     8 |    10 |     8 ||    27
       Scroll            |       |       |     8 |    16 |     5 ||    29
 Stab: Invisible         |       |       |     2 |     2 |       ||     4
       Distracted        |       |       |       |     8 |     3 ||    11
Armor: Scale mail        |    23 |    37 |    78 |    89 |       ||   227
       Skin              |     1 |     1 |     6 |       |       ||     8
       Ice dragon scales |       |       |       |    64 |   116 ||   180
       Plate armour      |       |       |       |    51 |       ||    51
Dodge: Dodged            |    35 |    49 |   117 |   376 |   168 ||   745
Block: Buckler           |    15 |    20 |    48 |    24 |       ||   107
       Kite shield       |       |       |       |   315 |   165 ||   480

Table legend: (Time is in decaauts)
 A = Elapsed time spent in this place.
 B = Non-inter-level travel time spent in this place.
 C = Inter-level travel time spent in this place.
 D = Time resting spent in this place.
 E = Time spent auto-exploring this place.
 F = Levels seen in this place.
 G = Mean time per level.
                   A        B        C        D        E       F      G
               +--------+--------+--------+--------+--------+-----+--------+
         Total |  28072 |  26409 |   1663 |  10869 |  10323 |  23 | 1220.5 |
       Dungeon |  16968 |  15875 |   1093 |   6305 |   6320 |  11 | 1542.5 |
        Temple |    282 |    204 |     78 |      0 |    156 |   1 |  282.0 |
          Lair |   6651 |   6159 |    492 |   1684 |   3325 |   5 | 1330.2 |
        Shoals |     24 |     24 |      0 |      0 |      0 |   1 |   24.0 |
     Snake Pit |      1 |      1 |      0 |      0 |      0 |   1 |    1.0 |
  Orcish Mines |    838 |    838 |      0 |    475 |    164 |   2 |  419.0 |
         Sewer |    802 |    802 |      0 |    315 |    358 |   1 |  802.0 |
      Ice Cave |   2503 |   2503 |      0 |   2090 |      0 |   1 | 2503.0 |
               +--------+--------+--------+--------+--------+-----+--------+

Top non-repeatable levels by time:
     D:9: 4403 daAuts
   IceCv: 2503 daAuts
     D:8: 2408 daAuts
  Lair:1: 1858 daAuts
  Lair:4: 1691 daAuts
  Lair:3: 1590 daAuts
    D:11: 1590 daAuts
     D:7: 1568 daAuts
    D:10: 1510 daAuts
  Lair:2: 1509 daAuts
     D:4: 1455 daAuts
     D:5: 1412 daAuts
   Sewer: 802 daAuts
     D:2: 785 daAuts
     D:1: 727 daAuts
